 Dungeon Crawl Stone Soup version 0.31-a0-175-g9f7f995f2b (webtiles) character file.

Game seed: 12763394424621318253

931 qw the Skirmisher (level 8, -7/49 HPs)
             Began as a Gargoyle Hunter on June 16, 2023.
             Was an Initiate of Okawaru.
             Mangled by a yak (12 damage)
             ... on level 5 of the Dungeon.
             The game lasted 00:02:04 (4508 turns).

qw the Skirmisher (Gargoyle Hunter)                 Turns: 4508, Time: 00:02:04

Health: -7/49      AC: 13    Str: 15      XL:     8   Next: 11%
Magic:  8/8        EV: 17    Int: 10      God:    Okawaru [......]
Gold:   414        SH:  0    Dex: 13 (15) Spells: 7/7 levels left

rFire   . . .        Y - +0 shortbow (flame)
rCold   . . .        (shield currently unavailable)
rNeg    + + .        b - +2 robe {rN+}
rPois   inf          n - +1 helmet
rElec   +            (no cloak)
rCorr   .            i - +0 pair of gloves
SInv    .            p - +0 pair of boots
Will    .....        a - amulet of regeneration
Stlth   ++           o - +5 ring of evasion
HPRegen 1.08/turn    (no ring)
MPRegen 0.11/turn

%: no passive effects
@: about to teleport
A: sickness immunity, AC +5, negative energy resistance 1, electricity
resistance, torment resistance 1, petrification resistance
a: Renounce Religion


You were on level 5 of the Dungeon.
You worshipped Okawaru.
Okawaru was noncommittal.
You visited 1 branch of the dungeon, and saw 6 of its levels.

You collected 414 gold pieces.


Innate Abilities, Weirdness & Mutations

You are immune to sickness and miasma.
Your stone body is resilient. (AC +5)
You are immune to poison.
You resist negative energy. (rN+)
You are resistant to electric shocks. (rElec)
You are resistant to unholy torment.
You are immune to petrification.


   Skills:
 - Level 5.2 Fighting
 + Level 8.6 Ranged Weapons
 - Level 1.0 Armour
 - Level 2.0 Dodging
 - Level 1.1 Stealth


You had 7 spell levels left.
You didn't know any spells.
Your spell library was empty.

Inventory:

Hand Weapons
 Y - a +0 shortbow of flaming (weapon)
Armour
 b - a +2 robe of positive energy (worn)
 i - a +0 pair of gloves (worn)
 n - a +1 helmet (worn)
 p - a +0 pair of boots (worn)
Jewellery
 a - an amulet of regeneration (around neck)
 e - a ring of ice
 k - a ring of fire
 o - a +5 ring of evasion (left hand)
Scrolls
 m - a scroll of identify
Potions
 f - 4 potions of curing
 g - a potion of cancellation
 h - 2 potions of haste
 j - a potion of ambrosia {unknown}
 l - a potion of attraction {unknown}
 r - a potion of lignification {unknown}

Dungeon Overview and Level Annotations

Branches:
Dungeon (6/15)             Temple (0/1) D:4

Altars:
Cheibriados
Gozag
Nemelex Xobeh
Okawaru

Annotations:
D:5 Blork the orc, Eustachio


Message History

The yak completely misses you. The yak gores you but does no damage.
The yak closely misses you.
You shoot an arrow.
The arrow hits the yak but does no damage.
The yak is moderately wounded.
The yak misses you. The yak closely misses you. The yak misses you.
You shoot an arrow.
The arrow hits the yak but does no damage.
The yak is moderately wounded.
The yak closely misses you. The yak gores you but does no damage.
The yak closely misses you.
You shoot an arrow. The arrow hits the yak.
The arrow burns the yak.
The yak is moderately wounded.
The yak misses you. The yak gores you. x2
You shoot an arrow. The arrow barely misses the yak.
The yak completely misses you. The yak gores you!
The yak gores you but does no damage.
You shoot an arrow. The arrow hits the yak.
The arrow burns the yak.
The yak is moderately wounded.
The yak gores you. The yak gores you but does no damage.
The yak closely misses you.
You shoot an arrow. The arrow hits the yak!
The arrow burns the yak.
The yak is severely wounded.
The yak misses you. x2; The yak gores you!
You shoot an arrow. The arrow hits the yak.
The arrow burns the yak.
The yak is severely wounded.
The yak misses you. The yak barely misses you. The yak gores you.
You shoot an arrow.
The arrow hits the yak but does no damage.
The yak is severely wounded.
The yak gores you. x3
4507 ||| READING scroll of teleportation.
As you read the scroll of teleportation, it crumbles to dust.
You feel strangely unstable. The yak barely misses you. The yak misses you.
The yak closely misses you.
You shoot an arrow.
The arrow hits the yak but does no damage.
The yak is severely wounded.
The yak gores you! x2
You die...

..........###.###
#.#. ##...#.#.# #.#
#... #...#.#.# #.#
#.#. ###...#...#
#.# #.#.
.##.........###.#
#.#.
.......%#.......#
#.#.
###.#.#.##..###.#
#.#. #.###.##..#
#.#. #....@Y#..# #.
####.#. #.###YY#..#
#.##...... ##Y#..#
#.........
###Y#..###..#.##.##
.........#..#.##.##
.........#..#.##.##
......5bY#..#.##.##
.......YY#.....#.##
......r.Y##.#.##.#.


You could see 5 yaks.

Vanquished Creatures
  Sigmund (D:3)
  4 scorpions
  2 orc priests (D:4)
  A hound (D:5)
  A jelly (D:4)
  2 iguanas (D:5)
  A sleepcap (D:4)
  2 orc wizards (D:4)
  Robin (D:2)
  13 gnolls
  5 adders
  An ufetubus (D:5)
  2 worms
  2 dart slugs
  6 orcs
  10 ball pythons
  5 endoplasms
  3 giant cockroaches
  11 goblins
  9 hobgoblins
  7 jackals
  2 quokkas (D:3)
  5 bats
  2 frilled lizards
  9 kobolds
  6 rats
113 creatures vanquished.

Notes
Turn   | Place    | Note
-------+----------+-------------------------------------------
     0 | D:1      | qw the Gargoyle Hunter began the quest for the Orb.
     0 | D:1      | Reached XP level 1. HP: 12/12 MP: 1/1
     0 | D:1      | 0 ||| qw: Version: 0.2-a-29-g511e9b1
     0 | D:1      | 0 ||| qw: Game counter: 5691
     0 | D:1      | 0 ||| qw: Always use a shield: true
     0 | D:1      | 0 ||| qw: God list: Okawaru
     0 | D:1      | 0 ||| qw: Allow faded altars: false
     0 | D:1      | 0 ||| qw: Do Orc after D:15 true
     0 | D:1      | 0 ||| qw: Do second Lair branch before Depths: true
     0 | D:1      | 0 ||| qw: Lair rune preference: random
     0 | D:1      | 0 ||| qw: Plans: Normal, Zot:1-4, Slime:5, God:TSO, Crypt,
                  | Tomb, Abyss, Pan, Hells, Win
     0 | D:1      | 0 ||| PLANNING D:1-11
   204 | D:1      | Reached XP level 2. HP: 16/17 MP: 2/2
   599 | D:1      | 599 ||| READING scroll labelled NIRAH PUMODITI.
   600 | D:1      | 600 ||| READING scroll labelled AFFAR SOOXO.
   601 | D:1      | 601 ||| DRINKING 2 inky potions.
   602 | D:1      | 602 ||| DROPPING scroll of butterflies.
   670 | D:2      | Reached skill level 5 in Ranged Weapons
   670 | D:2      | Reached XP level 3. HP: 16/21 MP: 3/3
   877 | D:2      | 877 ||| FLEEEEING.
   879 | D:2      | 879 ||| FLEEEEING.
   880 | D:2      | 880 ||| FLEEEEING.
   881 | D:2      | 881 ||| FLEEEEING.
   882 | D:2      | 882 ||| FLEEEEING.
   883 | D:2      | 883 ||| FLEEEEING.
   884 | D:2      | 884 ||| FLEEEEING.
   885 | D:2      | 885 ||| FLEEEEING.
   886 | D:2      | 886 ||| FLEEEEING.
   887 | D:2      | 887 ||| FLEEEEING.
   888 | D:2      | 888 ||| FLEEEEING.
   889 | D:2      | 889 ||| FLEEEEING.
   890 | D:2      | 890 ||| FLEEEEING.
   891 | D:2      | 891 ||| FLEEEEING.
   893 | D:2      | 893 ||| FLEEEEING.
   894 | D:2      | 894 ||| FLEEEEING.
   895 | D:2      | 895 ||| FLEEEEING.
   896 | D:2      | 896 ||| FLEEEEING.
   897 | D:2      | 897 ||| FLEEEEING.
   898 | D:2      | 898 ||| FLEEEEING.
   899 | D:2      | 899 ||| FLEEEEING.
   900 | D:2      | 900 ||| FLEEEEING.
   901 | D:2      | 901 ||| FLEEEEING.
   902 | D:2      | 902 ||| FLEEEEING.
   903 | D:2      | 903 ||| FLEEEEING.
   904 | D:2      | 904 ||| FLEEEEING.
   905 | D:2      | 905 ||| FLEEEEING.
   906 | D:2      | 906 ||| FLEEEEING.
   907 | D:2      | 907 ||| FLEEEEING.
   908 | D:2      | 908 ||| FLEEEEING.
   909 | D:2      | 909 ||| FLEEEEING.
   910 | D:2      | 910 ||| FLEEEEING.
   911 | D:2      | 911 ||| FLEEEEING.
   912 | D:2      | 912 ||| FLEEEEING.
   913 | D:2      | 913 ||| FLEEEEING.
   914 | D:2      | 914 ||| FLEEEEING.
   915 | D:2      | 915 ||| FLEEEEING.
   916 | D:2      | 916 ||| FLEEEEING.
   917 | D:2      | 917 ||| FLEEEEING.
   918 | D:2      | 918 ||| FLEEEEING.
   919 | D:2      | 919 ||| FLEEEEING.
   920 | D:2      | 920 ||| FLEEEEING.
   921 | D:2      | 921 ||| FLEEEEING.
   922 | D:2      | 922 ||| FLEEEEING.
   930 | D:2      | Reached skill level 3 in Fighting
   930 | D:2      | Reached XP level 4. HP: 19/28 MP: 4/4
  1227 | D:2      | Noticed Robin
  1238 | D:2      | Killed Robin
  1950 | D:2      | 1950 ||| UPGRADING to +1 helmet.
  1955 | D:2      | 1955 ||| UPGRADING to amulet of regeneration.
  1960 | D:2      | 1960 ||| DROPPING amulet of magic regeneration.
  1961 | D:2      | 1961 ||| READING scroll labelled FIOFIE LOYN.
  1962 | D:2      | 1962 ||| READING 2 scrolls labelled IMILAO FETTORU.
  1966 | D:2      | 1966 ||| READING scroll labelled NOSCHI FEKU.
  1967 | D:2      | 1967 ||| READING scroll labelled VAFEWE SECKAO.
  1968 | D:2      | 1968 ||| DRINKING 3 black potions.
  2326 | D:3      | Reached XP level 5. HP: 17/32 MP: 5/5
  2339 | D:3      | Reached skill level 6 in Ranged Weapons
  2525 | D:3      | Reached skill level 1 in Armour
  2620 | D:3      | Found a sparkling altar of Nemelex Xobeh.
  2621 | D:3      | Found an opulent altar of Gozag.
  2662 | D:3      | Noticed Sigmund
  2676 | D:3      | Killed Sigmund
  2677 | D:3      | Reached XP level 6. HP: 40/40 MP: 6/6
  3034 | D:3      | 3034 ||| UPGRADING to +0 pair of gloves.
  3039 | D:3      | 3039 ||| UPGRADING to +0 pair of boots.
  3044 | D:3      | 3044 ||| READING scroll labelled MOURUN ESAEK.
  3052 | D:3      | 3052 ||| READING scroll labelled SUASTAH TIPNOH.
  3176 | D:4      | Found an iron altar of Okawaru.
  3177 | D:4      | 3177 ||| PLANNING OKAWARU WORSHIP
  3194 | D:4      | You fall into a shaft and drop 2 floors!
  3209 | D:6      | 3209 ||| UPGRADING to +5 ring of evasion.
  3210 | D:6      | 3210 ||| READING scroll labelled VAB CIABONLAGY.
  3220 | D:5      | Entered Level 5 of the Dungeon
  3226 | D:5      | 3226 ||| Stepping ~*~*~tactically~*~*~ (outnumbered).
  3228 | D:5      | 3228 ||| Stepping ~*~*~tactically~*~*~ (outnumbered).
  3254 | D:5      | Reached XP level 7. HP: 44/44 MP: 7/7
  3383 | D:5      | 3383 ||| READING scroll labelled NIUJAE MOIRATI.
  3384 | D:5      | 3384 ||| READING scroll labelled XESTUIPUSI.
  3385 | D:5      | 3385 ||| DRINKING 2 fuming white potions.
  3386 | D:5      | 3386 ||| READING 2 scrolls of identify.
  3386 | D:5      | 3386 ||| IDENTIFYING purple potion
  3423 | D:4      | Became a worshipper of Warmaster Okawaru
  3424 | D:4      | 3424 ||| PLANNING D:1-11
  3441 | D:4      | 3441 ||| Stepping ~*~*~tactically~*~*~ (outnumbered).
  3443 | D:4      | 3443 ||| Stepping ~*~*~tactically~*~*~ (outnumbered).
  3445 | D:4      | 3445 ||| FLEEEEING.
  3455 | D:4      | 3455 ||| DRINKING 3 potions of curing.
  3455 | D:4      | 3455 ||| (to cure confusion)
  3456 | D:4      | 3456 ||| Stepping ~*~*~tactically~*~*~ (outnumbered).
  3494 | D:4      | Reached skill level 7 in Ranged Weapons
  3494 | D:4      | Found a staircase to the Ecumenical Temple.
  3878 | D:4      | Found a snail-covered altar of Cheibriados.
  4158 | D:4      | 4158 ||| UPGRADING to +2 robe of positive energy.
  4168 | D:4      | 4168 ||| DROPPING +0 leather armour.
  4322 | D:5      | Noticed Eustachio
  4329 | D:5      | Reached skill level 8 in Ranged Weapons
  4332 | D:5      | Noticed Blork the orc
  4335 | D:5      | Reached * piety under Okawaru
  4336 | D:5      | Reached XP level 8. HP: 47/49 MP: 8/8
  4336 | D:5      | 4336 ||| INVOKING Heroism.
  4338 | D:5      | Noticed a yak
  4349 | D:5      | Noticed a yak
  4350 | D:5      | 4350 ||| INVOKING Heroism.
  4351 | D:5      | Noticed a yak
  4353 | D:5      | Noticed a yak
  4358 | D:5      | HP: 11/49 [Blork the orc/+0 glaive (12)]
  4359 | D:5      | 4359 ||| READING 2 scrolls of teleportation.
  4360 | D:5      | 4360 ||| DRINKING potion of heal wounds.
  4485 | D:5      | Noticed a yak
  4506 | D:5      | HP: 11/49 [yak (4)]
  4507 | D:5      | 4507 ||| READING scroll of teleportation.
  4508 | D:5      | HP: 5/49 [yak (7)]
  4508 | D:5      | Mangled by a yak

Levels and vault maps discovered:
D:1:      dpeg_arrival_round_c, layout_basic
D:2:      layout_basic, uniq_robin
D:3:      layout_basic, grunt_temple_overflow_opulence,
          kennysheep_generic_room_9, uniq_sigmund
D:4:      wad_crossroads, layout_basic, kennysheep_slug_shrine,
          mainiacjoe_overflow_paths, minmay_temple_entry_crystal_x,
          minmay_misc_feat_secret_circle, minmay_quantized
D:5:      layout_basic, uniq_blork_the_orc, uniq_eustachio
D:6:      layout_rooms, st_stairs_9, uniq_edmund

Skill      XL: |  1  2  3  4  5  6  7 |
---------------+----------------------+-----
Ranged Weapons | 5 6 8 |  8.6
Fighting       | 3 5 |  5.2
Armour         | 1 |  1.0
Dodging        | 2 |  2.0
Stealth        | |  1.1

Action                     |  1- 3 |  4- 6 |  7- 9 || total
---------------------------+-------+-------+-------++-------
   Fire: Shortbow          |   114 |   179 |   196 ||   489
 Invoke: Heroism           |       |       |     2 ||     2
    Use: Scroll            |     2 |     7 |     5 ||    14
         Potion            |     1 |     1 |     3 ||     5
 Armour: Leather armour    |    20 |    38 |     5 ||    63
         Robe              |       |       |    46 ||    46
  Dodge: Dodged            |    33 |    86 |   201 ||   320

Table legend:
 A = Non-vault XP
 B = Vault XP
 C = Vault XP percentage of total XP
 D = Non-vault monster count
 E = Vault monster count
 F = Vault count percentage of total count
                 A         B        C        D         E       F
            +---------+---------+-------+---------+---------+-------
      Total |    1027 |     303 |  22.8 |      97 |      16 |  14.2
            +---------+---------+-------+---------+---------+-------
        D:1 |      30 |       0 |   0.0 |      20 |       0 |   0.0
        D:2 |      80 |      30 |  27.3 |      18 |       8 |  30.8
        D:3 |     107 |     228 |  68.1 |      18 |       2 |  10.0
        D:4 |     348 |      45 |  11.5 |      26 |       6 |  18.8
        D:5 |     462 |       0 |   0.0 |      15 |       0 |   0.0
            +---------+---------+-------+---------+---------+-------
